 Dungeon Crawl Stone Soup version 0.30-a0-218-gedb9141078 (webtiles) character file.

Game seed: 10491699767158905532

3331 Johnny the Covert (level 10, -8/68 HPs)
             Began as an Octopode Ice Elementalist on Oct 5, 2022.
             Mangled by a wyvern (10 damage)
             ... on level 8 of the Dungeon.
             The game lasted 00:10:04 (7839 turns).

Johnny the Covert (Octopode Ice Elementalist)       Turns: 7839, Time: 00:10:05

Health: -8/68      AC:  8    Str: 15    XL:     10   Next: 2%
Magic:  15/18      EV: 15    Int: 21    God:
Gold:   491        SH:  0    Dex: 12    Spells: 8/20 levels left

rFire   + . .      SeeInvis +    m - +8 dagger "Ymin Foiss" {venom, rElec SInv}
rCold   . . .      Faith    .    (no shield)
rNeg    . . .      Spirit   .    (helmet restricted)
rPois   .          Reflect  .    (no amulet)
rElec   +          Harm     .    j - ring of willpower
rCorr   .          Rampage  .    k - +6 ring of strength
Will    +....                    B - ring of protection from fire
Stlth   +++++.....               (no ring)
HPRegen 0.31/turn                (no ring)
MPRegen 0.16/turn                (no ring)
                                 (no ring)
                                 (no ring)

@: ice-armoured
A: almost no armour, amphibious, 8 rings, camouflage 1, gelatinous body 1,
(nimble swimmer 1), tentacles
a: no special abilities


You were on level 8 of the Dungeon.
You visited 2 branches of the dungeon, and saw 9 of its levels.
You also visited: Sewer and Ossuary.

You collected 491 gold pieces.

Inventory:

Hand Weapons
 b - a +1 dagger of venom
 m - the +8 dagger "Ymin Foiss" (weapon) {venom, rElec SInv}
   (You found it on level 3 of the Dungeon)

   It poisons the flesh of those it strikes.
   rElec:     It insulates you from electricity.
   SInv:      It lets you see invisible.
 o - the +4 dagger "Morg" {pain, Will+ Int+5}
   (You found it on level 3 of the Dungeon)

   In the hands of one skilled in necromantic magic, it inflicts extra damage on
   living creatures.
   Int:       It affects your intelligence (+5).
   Will:      It increases your willpower.
 w - the +8 sling of the Vaults {freeze, rN+ Str+2 Int+4}
   (You found it on level 5 of the Dungeon)

   Any ammunition fired from it freezes those it strikes, dealing additional
   cold damage.
   It can also slow down cold-blooded creatures.
   Str:       It affects your strength (+2).
   Int:       It affects your intelligence (+4).
   rN:        It protects you from negative energy.
Jewellery
 j - a ring of willpower (left tentacle)
 k - a +6 ring of strength (right tentacle)
 v - an amulet of guardian spirit
 B - a ring of protection from fire (on tentacle)
Wands
 x - a wand of flame (7)
Scrolls
 e - a scroll of fog
 f - 2 scrolls of vulnerability {unknown}
 g - a scroll of poison
 n - a scroll of fear {unknown}
 p - 2 scrolls of immolation {unknown}
 u - a scroll of summoning {unknown}
 y - a scroll of enchant weapon {unknown}
 z - 2 scrolls of teleportation {unknown}
 A - a scroll of amnesia
 D - a scroll of blinking
Potions
 a - 4 potions of magic
 c - 2 potions of heal wounds {unknown}
 d - 3 potions of curing
 h - 6 potions of haste {unknown}
 i - 3 potions of degeneration {unknown}
 l - 2 potions of resistance {unknown}
 r - a potion of might
 s - 3 potions of mutation {unknown}
 t - 3 potions of invisibility {unknown}
 C - a potion of flight {unknown}


   Skills:
 + Level 6.0 Fighting
 + Level 6.4 Dodging
 + Level 9.2 Stealth
 + Level 5.9 Spellcasting
 + Level 7.4 Ice Magic


You had 8 spell levels left.
You knew the following spells:

 Your Spells              Type           Power      Damage    Failure   Level
a - Freeze                Ice            100%       1d11      1%          1
b - Frozen Ramparts       Ice            74%        1d12      1%          3
c - Ozocubu's Armour      Ice            37%        N/A       1%          3
d - Mephitic Cloud        Conj/Pois/Air  6%         N/A       30%         3
e - Ensorcelled Hibernat  Hex/Ice        44%        N/A       3%          2

Your spell library contained the following spells:

 Spells                   Type           Power      Damage    Failure   Level
 Apportation              Tloc           12%        N/A       10%         1
 Magic Dart               Conj           24%        1d4       10%         1
 Necrotise                Necr           24%        1d5       10%         1
 Sting                    Tmut/Pois      24%        1d4       10%         1
 Summon Small Mammal      Summ           24%        N/A       10%         1
 Call Imp                 Summ           6%         N/A       16%         2
 Summon Ice Beast         Ice/Summ       22%        N/A       22%         4
 Call Canine Familiar     Summ           6%         N/A       30%         3
 Spider Form              Tmut/Pois      6%         N/A       30%         3
 Summon Guardian Golem    Hex/Summ       6%         N/A       30%         3
 Anguish                  Hex/Necr       3%         N/A       69%         4


Dungeon Overview and Level Annotations

Branches:
Dungeon (8/15)             Temple (1/1) D:5           Sewer (visited)
Ossuary (visited)
   Lair: D:8-11

Altars:
Ashenzari
Cheibriados
Dithmenos
Elyvilon
Fedhas
Kikubaaqudgha
Makhleb
Nemelex Xobeh
Okawaru
Qazlal
Ru
Sif Muna
Uskayaw
Vehumet
Xom
Yredelemnul
The Shining One

Shops:
D:8 *

Annotations:
D:5 3 runed translucent doors, Ghostare's ghost, amateur HOCK
D:6 1 runed translucent door, dazg's ghost, novice SpEn


Innate Abilities, Weirdness & Mutations

You cannot wear most types of armour.
You are amphibious.
You can wear up to eight rings at the same time.
Your skin changes colour to match your surroundings (Stealth+).
Your rubbery body absorbs attacks. (AC +1, EV +1)
((You are camouflaged when in or above water. (Stealth+)))
You have tentacles for arms and can constrict up to eight enemies at once.


Message History

You see here a water moccasin corpse.
Found Feohe's Lightly-Used Armoury.
There is an entrance to Feohe's Lightly-Used Armoury here.
As you read the scroll labelled JUXACW DOFUCHO, it crumbles to dust.
It is a scroll of identify.
e - a scroll of fog
As you read the scroll of identify, it crumbles to dust.
A - a scroll of amnesia
As you read the scroll of identify, it crumbles to dust.
D - a scroll of blinking
Found a stone staircase leading down.
A wyvern comes into view.
A wyvern is nearby!
The wyvern hisses angrily.
The wyvern bites you!
You hit the wyvern.
The wyvern is poisoned.
You squeeze the wyvern.
The wyvern is moderately wounded.
The wyvern misses you. The wyvern closely misses you.
You barely miss the wyvern. Your squeeze misses the wyvern.
The wyvern is heavily wounded.
The wyvern bites you!
You puncture the wyvern!
The wyvern looks as sick as possible!
The wyvern is almost dead.
The wyvern bites you but does no damage. x2
You closely miss the wyvern.
The wyvern is almost dead.
The wyvern bites you!
You barely miss the wyvern.
The wyvern is almost dead.
The wyvern bites you! x2
* * * LOW HITPOINT WARNING * * *
You are too injured to fight recklessly!
Casting: Frozen Ramparts (safe; 1% risk of failure)
Confirm with . or Enter, or press ? or * to list all spells.
A film of ice covers your body! The wyvern bites you!
* * * LOW HITPOINT WARNING * * *
You feel better. The wyvern bites you.
* * * LOW HITPOINT WARNING * * *
The wyvern bites you!
You die...

..###.....#....
.........# .>.#
.........# #..#
..##....# ##?.#
#..##..# #...##
#......## #....#
##......###....##
#..###..∩.......###.#
#.## ##.........@l..#
..## #........####.#
...# #........##
.......###...##
#.....# ##.## ##...##
#.. # ..## #... .#..#
....#


You could see a wyvern (very poisoned).

Vanquished Creatures
  Prince Ribbit (D:7)
  Grinder (D:3)
  Sigmund (D:2)
  Edmund (D:5)
  3 water moccasins
  An ice beast (D:6)
  A sky beast (D:7)
  2 black bears (D:4)
  6 kobold brigands
  Blork the orc (D:4)
  2 bullfrogs
  2 scorpions
  8 wights
  A howler monkey (D:6)
  A quasit (D:4)
  2 hounds (D:6)
  A human zombie (Ossuary)
  An orc priest (D:4)
  A gnoll bouda (D:8)
  A jelly (D:5)
  An iguana (D:5)
  Jessica (D:2)
  Natasha (D:4)
  7 orc wizards
  4 mummies (Ossuary)
  3 gnolls (D:8)
  8 adders
  3 river rats
  A shadow imp (D:4)
  A white imp (D:4)
  5 ufetubi
  An adder zombie (Ossuary)
  9 worms
  A dart slug (D:5)
  15 orcs
  10 bats
  15 endoplasms
  A giant cockroach (D:3)
  9 goblins
  4 hobgoblins
  4 jackals (D:4)
  5 quokkas
  9 ball pythons
  4 frilled lizards
  A goblin zombie (Ossuary)
  3 hobgoblin zombies (Ossuary)
  A jackal zombie (Ossuary)
  11 kobolds
  3 kobold zombies (Ossuary)
  An orc zombie (Ossuary)
  9 rats
  A rat zombie (Ossuary)
190 creatures vanquished.

Vanquished Creatures (others)
  An orc wizard (D:6)
  2 demonic plants (D:4)
3 creatures vanquished.

Grand Total: 193 creatures vanquished

Notes
Turn   | Place    | Note
-------+----------+-------------------------------------------
     0 | D:1      | Johnny the Octopode Ice Elementalist began the quest for
                  | the Orb.
     0 | D:1      | Reached XP level 1. HP: 11/11 MP: 3/3
   151 | D:1      | Reached XP level 2. HP: 18/18 MP: 0/5
   244 | D:1      | Reached skill level 3 in Stealth
   553 | D:1      | Found a faded altar of an unknown god.
   845 | D:1      | Reached XP level 3. HP: 22/22 MP: 6/6
  1286 | D:2      | Reached skill level 1 in Fighting
  1429 | D:2      | Found a snail-covered altar of Cheibriados.
  1453 | D:2      | Noticed Sigmund
  1507 | D:2      | Killed Sigmund
  1508 | D:2      | Reached skill level 4 in Stealth
  1508 | D:2      | Reached XP level 4. HP: 15/29 MP: 5/8
  1508 | D:2      | Reached XP level 5. HP: 17/34 MP: 5/9
  1637 | D:2      | Noticed Jessica
  1648 | D:2      | Killed Jessica
  1649 | D:2      | Reached XP level 6. HP: 39/39 MP: 10/10
  1982 | D:3      | Learned a level 3 spell: Frozen Ramparts
  1986 | D:3      | Learned a level 3 spell: Ozocubu's Armour
  1990 | D:3      | Learned a level 3 spell: Mephitic Cloud
  2239 | D:3      | Identified the +8 dagger "Ymin Foiss" {venom, rElec SInv}
  2245 | D:3      | Found the +4 dagger "Morg" {pain, Will+ Int+5}
  2300 | D:3      | Found a sacrificial altar of Ru.
  2319 | D:3      | Noticed Grinder
  2340 | D:3      | Killed Grinder
  2341 | D:3      | Reached skill level 5 in Stealth
  2341 | D:3      | Reached skill level 5 in Ice Magic
  2341 | D:3      | Reached XP level 7. HP: 45/45 MP: 5/12
  3131 | D:4      | Noticed Natasha
  3212 | D:4      | Killed Natasha
  3358 | D:4      | Reached skill level 6 in Stealth
  3428 | D:4      | Reached XP level 8. HP: 53/53 MP: 12/14
  3482 | D:4      | Noticed Blork the orc
  3487 | D:4      | Killed Blork the orc
  3507 | D:5      | Entered Level 5 of the Dungeon
  3550 | D:5      | Noticed Edmund
  3675 | D:5      | Killed Edmund
  3758 | D:5      | Noticed Ghostare's ghost (amateur HOCK)
  3856 | D:5      | Found a glowing drain.
  3873 | Sewer    | Entered a sewer
  4168 | Sewer    | Reached skill level 7 in Stealth
  4410 | Sewer    | Reached skill level 5 in Dodging
  4563 | D:5      | Found a staircase to the Ecumenical Temple.
  4575 | Temple   | Entered the Ecumenical Temple
  4760 | D:5      | Found a runed translucent gate.
  4761 | D:5      | Found a runed translucent gate.
  4762 | D:5      | Found a runed translucent gate.
  4781 | D:5      | Identified the +8 sling of the Vaults {freeze, rN+ Str+2
                  | Int+4}
  5336 | D:6      | Reached XP level 9. HP: 59/59 MP: 16/16
  5474 | D:6      | Reached skill level 5 in Spellcasting
  5654 | D:6      | Found a runed translucent door.
  5659 | D:6      | Noticed dazg's ghost (novice SpEn)
  5695 | D:6      | Found a shimmering blue altar of Sif Muna.
  5747 | D:6      | Got Sif Muna's Dissertation on Pollution
  5908 | D:7      | Reached skill level 5 in Fighting
  5990 | D:7      | Reached skill level 8 in Stealth
  6118 | D:7      | Found a sand-covered staircase.
  6125 | Ossuary  | Entered an ossuary
  6169 | Ossuary  | Learned a level 2 spell: Ensorcelled Hibernation
  6487 | D:7      | Found an iron altar of Okawaru.
  6492 | D:7      | Found a sparkling altar of Nemelex Xobeh.
  6679 | D:7      | Noticed Prince Ribbit
  6691 | D:7      | Killed Prince Ribbit
  7184 | D:8      | Reached skill level 9 in Stealth
  7721 | D:8      | Reached XP level 10. HP: 47/68 MP: 18/18
  7815 | D:8      | Found Feohe's Lightly-Used Armoury.
  7838 | D:8      | HP: 1/68 [wyvern (16)]
  7839 | D:8      | Mangled by a wyvern

Illustrated notes

Levels and vault maps discovered:
D:1:      zelgadis_glass_arrival_small, layout_basic,
          ebering_ecumenical_altar_mist
D:2:      layout_basic, basic_altar, minmay_misc_feat_enclosed, uniq_sigmund,
          uniq_jessica
D:3:      minmay_skewed_foursquare, layout_basic,
          nicolae_ru_the_path_less_chosen, uniq_grinder
D:4:      layout_rooms, trog_three_pillars_becter, serial_demonic,
          serial_demonic_c, serial_demonic_d, serial_demonic_a,
          serial_demonic_a, uniq_blork_the_orc, uniq_natasha
D:5:      layout_basic, minmay_temple_entry_glass, gammafunk_ghost_split,
          cheibrodos_sewer_entry_sluice, nicolae_titane, uniq_edmund
D:6:      layout_rooms, led_sif_book, ebering_ghost_reflecting_pool
D:7:      layout_gridville, nicolae_overflow_hidden_temple,
          lightli_ossuary_entry_decrepit_ruins, dk_noncrumbling_3,
          uniq_prince_ribbit1
D:8:      layout_layer_cave, gammafunk_ghost_smash, minmay_shop_damaged,
          kennysheep_generic_room_13
Temple:   cyrus_circular_temple

Skill      XL: |  1  2  3  4  5  6  7  8  9 10 |
---------------+-------------------------------+-----
Stealth        | 3 4 5 6 7 9 |  9.2
Fighting       | 2 3 4 5 6 |  6.0
Dodging        | 3 4 5 6 |  6.4
Spellcasting   | 3 4 5 |  5.9
Ice Magic      | 5 6 7 |  7.4

Action                   |  1- 3 |  4- 6 |  7- 9 | 10-12 || total
-------------------------+-------+-------+-------+-------++-------
Melee: Unarmed           |    15 |       |       |       ||    15
       Constrict         |    11 |    13 |    50 |     1 ||    75
       Tentacles         |     7 |     8 |    54 |     3 ||    72
       Dagger            |    39 |    43 |   228 |     7 ||   317
       Punch             |     1 |       |     5 |       ||     6
 Cast: Freeze            |    12 |     6 |       |       ||    18
       Frozen Ramparts   |       |     1 |    20 |       ||    21
       Ozocubu's Armour  |       |     1 |    13 |     1 ||    15
Evoke: Wand              |       |       |     5 |       ||     5
  Use: Scroll            |       |       |     1 |     3 ||     4
       Potion            |       |       |     1 |     1 ||     2
 Stab: Sleeping          |    12 |     8 |    31 |       ||    51
Armor: Skin              |     9 |     1 |    11 |     2 ||    23
Dodge: Dodged            |    37 |    28 |   114 |     3 ||   182

Table legend: (Time is in decaauts)
 A = Elapsed time spent in this place.
 B = Non-inter-level travel time spent in this place.
 C = Inter-level travel time spent in this place.
 D = Time resting spent in this place.
 E = Time spent auto-exploring this place.
 F = Levels seen in this place.
 G = Mean time per level.
                   A        B        C        D        E       F      G
               +--------+--------+--------+--------+--------+-----+--------+
         Total |   7834 |   7675 |    159 |    700 |   5285 |  11 |  712.2 |
       Dungeon |   6847 |   6696 |    151 |    694 |   4647 |   8 |  855.9 |
        Temple |     51 |     43 |      8 |      0 |     34 |   1 |   51.0 |
         Sewer |    668 |    668 |      0 |      0 |    462 |   1 |  668.0 |
       Ossuary |    266 |    266 |      0 |      6 |    142 |   1 |  266.0 |
               +--------+--------+--------+--------+--------+-----+--------+

Top non-repeatable levels by time:
     D:1: 1188 daAuts
     D:3: 1081 daAuts
     D:5: 1062 daAuts
     D:8: 1027 daAuts
   Sewer: 668 daAuts
     D:2: 645 daAuts
     D:6: 637 daAuts
     D:7: 615 daAuts
     D:4: 590 daAuts
 Ossuary: 266 daAuts
  Temple: 51 daAuts
